 Dungeon Crawl Stone Soup version bcrawl-1.27.8b (webtiles) character file.

Game seed: 5240892555453577555

95334 LostNumber the Sneak (level 2, 0/21 HPs)
             Began as a Demonspawn Archaeologist on Nov 5, 2020.
             Slain by an ooze (2 damage)
             ... on level 1 of the Dungeon.
             The game lasted 00:01:07 (363 turns).

LostNumber the Sneak (Demonspawn Archaeologist)      Turns: 363, Time: 00:01:08

Health: 0/21       AC:  6    Str: 11    XL:     2   Next: 10%
Magic:  2/2        EV: 13    Int: 15    God:
Gold:   10         SH:  0    Dex: 11    Spells: 1/1 levels left

rFire    . . .     SeeInvis .   a - +0 whip
rCold    . . .     Gourm    .   (no shield)
rNeg     . . .     Faith    .   b - +1 robe
rPois    .         Spirit   .   c - +1 hat
rElec    .         Reflect  .   (no cloak)
rCorr    .         Harm     .   (no gloves)
MR       .....                  d - +1 pair of boots
Stlth    ++........             (no amulet)
HPRegen  0.07/turn              (no ring)
MPRegen  0.08/turn              (no ring)

@: no status effects
A: powered by pain 1
a: no special abilities


You were on level 1 of the Dungeon.
You were not hungry.

You visited 1 branch of the dungeon, and saw 1 of its levels.

You collected 10 gold pieces.

Inventory:

Hand Weapons
 a - a +0 whip (weapon)
Armour
 b - a +1 robe (worn)
 c - a +1 hat (worn)
 d - a +1 pair of boots (worn)
Scrolls
 g - a scroll of magic mapping
 j - a scroll of noise {unknown}
Potions
 i - a potion of cancellation {unknown}
Miscellaneous
 f - a dusty tome
Comestibles
 e - a ration {!d!d}


   Skills:
 + Level 1.4 Fighting
 - Level 0.8 Maces & Flails
 + Level 2.9 Dodging
 + Level 3.2 Stealth


You had one spell level left.
You didn't know any spells.
Your spell library was empty.

Dungeon Overview and Level Annotations

Branches:
Dungeon (1/12)

Altars:


Innate Abilities, Weirdness & Mutations

You sometimes gain a little power by taking damage.


Message History

You hit the kobold but do no damage. The leopard gecko bites you.
The kobold misses you.
You hit the kobold but do no damage.
The leopard gecko bites you but does no damage.
The kobold hits you with a +0 whip.
* * * LOW HITPOINT WARNING * * *
The ooze barely misses you. The leopard gecko closely misses you.
Unknown command.
You barely miss the kobold. The kobold hits you but does no damage.
You hit the kobold. The kobold hits you but does no damage.
You hit the kobold.
You kill the kobold!
You have reached level 2!
Your demonic ancestry asserts itself...
You feel energised by your suffering.
Unknown command.
Unknown command.
You hit the leopard gecko. The leopard gecko closely misses you.
The leopard gecko barely misses you.
You hit the leopard gecko but do no damage.
The leopard gecko completely misses you.
You miss the leopard gecko.
The leopard gecko bites you but does no damage.
You barely miss the leopard gecko. The leopard gecko bites you.
* * * LOW HITPOINT WARNING * * *
You closely miss the leopard gecko. The leopard gecko closely misses you.
You barely miss the leopard gecko. The leopard gecko barely misses you.
You closely miss the leopard gecko. The leopard gecko closely misses you.
You closely miss the leopard gecko. The leopard gecko closely misses you.
You hit the leopard gecko. The leopard gecko closely misses you.
You miss the leopard gecko. The leopard gecko bites you.
* * * LOW HITPOINT WARNING * * *
You completely miss the leopard gecko.
The leopard gecko completely misses you.
You miss the leopard gecko. The leopard gecko barely misses you.
You closely miss the leopard gecko. The leopard gecko misses you.
You barely miss the leopard gecko. The leopard gecko bites you.
* * * LOW HITPOINT WARNING * * *
All of the chunks of flesh in your inventory have rotted away.
You barely miss the leopard gecko. The leopard gecko bites you.
* * * LOW HITPOINT WARNING * * *
The leopard gecko bites you.
* * * LOW HITPOINT WARNING * * *
You hit the leopard gecko.
You kill the leopard gecko!
You hit the ooze.
The ooze jiggles.
The ooze closely misses you.
You hit the ooze but do no damage. The ooze hits you.
You die...

############# ###
..>.........# #.#
............# ###.#
............# #...#
............## #.#..
......†......# #.###
##........#.# #....
#............#####
####.
........#.?#l#.J@#
#.
..#..........#.###
####. .
#....####....# #....
....######....#
#....
..............##
#....
......#.##....######
####.... .#
#.[.......# #.......
#.........# #.##....
#.........# #.##....


You could see an ooze.

Vanquished Creatures
  A leopard gecko (D:1)
  2 bats (D:1)
  A giant cockroach (D:1)
  A hobgoblin (D:1)
  2 kobolds (D:1)
  3 rats (D:1)
10 creatures vanquished.

Notes
Turn   | Place    | Note
-------+----------+-------------------------------------------
     0 | D:1      | LostNumber the Demonspawn Archaeologist began the quest for
                  | the Orb.
     0 | D:1      | Reached XP level 1. HP: 15/15 MP: 1/1
   345 | D:1      | Gained mutation: You sometimes gain a little power by
                  | taking damage. [demonic ancestry]
   345 | D:1      | Reached XP level 2. HP: 11/21 MP: 2/2
   360 | D:1      | HP: 1/21 [leopard gecko (1)]
   363 | D:1      | Slain by an ooze

Action                   || total
-------------------------++-------
Melee: Whip              ||    67
 Stab: Sleeping          ||     1
Armor: Robe              ||    26
Dodge: Dodged            ||    68
